 Dungeon Crawl Stone Soup version 0.27.0-1-g7a089689b8 (webtiles) character file.

Game seed: 6738324531404528807

67 mainiacjoe the Covert (level 4, -4/21 HPs)
             Began as a Felid Delver on Aug 7, 2021.
             Slain by an ogre (14 damage)
             ... on level 4 of the Dungeon.
             The game lasted 00:04:45 (903 turns).

mainiacjoe the Covert (Felid Delver)                 Turns: 903, Time: 00:04:46

Health: -4/21      AC:  1    Str:  8    XL:     4   Next: 0%
Magic:  5/5        EV: 17    Int: 11    God:
Gold:   38         SH:  0    Dex: 18    Spells: 3/3 levels left
                                        Lives:  0   Deaths: 1

rFire    . . .     SeeInvis +     - Unarmed
rCold    . . .     Faith    .   (shield unavailable)
rNeg     . . .     Spirit   .   (armour unavailable)
rPois    .         Reflect  .   (helmet unavailable)
rElec    .         Harm     .   (cloak unavailable)
rCorr    .         Rampage  .   (gloves unavailable)
Will     .....                  (boots unavailable)
Stlth    ++++......             h - amulet of the acrobat
HPRegen  0.07/turn              (no ring)
MPRegen  0.09/turn              (no ring)

@: quick
A: very small, claws 1, fangs 3, see invisible, speed 1, shaggy fur 1, stealthy
paws, no weapons or thrown items, no armour, multi-lived
a: no special abilities


You were on level 4 of the Dungeon.
You visited 1 branch of the dungeon, and saw 2 of its levels.

You collected 38 gold pieces.

Inventory:

Jewellery
 h - an amulet of the acrobat (around neck)
 i - an amulet of regeneration
Wands
 e - a wand of digging (3)
 f - a wand of acid (6)
Scrolls
 a - a scroll of fog
 b - a scroll of magic mapping
 c - a scroll of fear
 g - a scroll of teleportation {unknown}
Potions
 d - a potion of haste


   Skills:
 - Level 3.0 Fighting
 - Level 2.6 Dodging
 * Level 8.7 Stealth
 + Level 3.3 Unarmed Combat


You had 3 spell levels left.
You didn't know any spells.
Your spell library was empty.

Dungeon Overview and Level Annotations

Branches:
Dungeon (5/15)
 Temple: D:4-7

Altars:

Annotations:
D:5 exclusions: howler monkey, 2 iguanas, 2 jackals and zombie


Innate Abilities, Weirdness & Mutations

You have sharp claws.
You have razor-sharp teeth.
You have supernaturally acute eyesight. (SInv)
You cover ground quickly. (Speed+)
You are covered in fur. (AC +1)
Your paws help you pounce on unaware monsters.
You are incapable of wielding weapons or throwing items.
You cannot wear armour.
You gain extra lives every three experience levels.


Message History

Found a stone staircase leading down.
There is a stone staircase leading down here.
You are too injured to fight recklessly!
You are too injured to fight recklessly!
You completely miss the jackal. The jackal barely misses you.
You closely miss the jackal. The jackal misses you. The jackal bites you.
You miss the jackal.
The jackal bites you but does no damage.
You barely miss the jackal. The jackal misses you.
You scratch the jackal.
You kill the jackal!
You start resting.
The sentinel's mark upon you fades away.
Aiming: Dig
Press: ? - help, Shift-Dir - straight line, f - gnoll
Aim: a gnoll, wielding a +0 halberd (100% to hit)
Okay, then.
Unknown command.
Aiming: Corrosive Bolt
Press: ? - help, Shift-Dir - straight line, f - gnoll
Aim: a gnoll, wielding a +0 halberd (75% to hit)
The bolt of acid hits the gnoll!
The gnoll is splashed with acid.
The acid corrodes the gnoll!
You kill the gnoll!
You start resting.
An endoplasm comes into view.
An endoplasm is nearby!
The endoplasm completely misses you.
You scratch the endoplasm but do no damage.
The endoplasm closely misses you.
You scratch the endoplasm.
The endoplasm is heavily wounded.
You scratch the endoplasm.
You kill the endoplasm!
An ogre comes into view. It is wielding a +0 giant club.
Welcome back to level 4!
You barely miss the ogre. Your claw misses the ogre.
The ogre hits you with a +0 giant club!
Ouch! That really hurt!
You die...

# #####
#...#
#.>@#
#.....O.#
#.......#
#.....>.#
###...###
#...#
#...#
#.#.#


You could see an ogre.

Vanquished Creatures
  A centaur (D:5)
  A bullfrog skeleton (D:5)
  A gnoll (D:4)
  An endoplasm (D:4)
  A giant cockroach (D:4)
  A hobgoblin (D:4)
  3 jackals
  A quokka (D:5)
  A ball python (D:5)
11 creatures vanquished.

Notes
Turn   | Place    | Note
-------+----------+-------------------------------------------
     0 | D:5      | mainiacjoe the Felid Delver began the quest for the Orb.
     0 | D:5      | Reached XP level 1. HP: 10/10 MP: 2/2
    93 | D:5      | Reached skill level 7 in Stealth
    93 | D:5      | Reached XP level 2. HP: 1/14 MP: 3/3
   434 | D:5      | Noticed a centaur
   454 | D:5      | Killed a centaur
   455 | D:5      | Reached skill level 8 in Stealth
   455 | D:5      | Reached XP level 3. HP: 17/17 MP: 4/4
   455 | D:5      | Reached XP level 4. HP: 21/21 MP: 5/5
   825 | D:5      | Noticed an ice beast
   844 | D:5      | HP: 1/21 [poisoned by an adder]
   844 | D:5      | Slain by a centaur skeleton
   845 | D:5      | Reached XP level 3. HP: -1/17 MP: 4/4
   902 | D:4      | Noticed an ogre
   903 | D:4      | Reached XP level 4. HP: 10/21 MP: 5/5
   903 | D:4      | Slain by an ogre

Illustrated notes

Levels and vault maps discovered:
D:4:      layout_loops_cross
D:5:      layout_loops_ring, minmay_temple_entry_proselytizer, minivault_14,
          uniq_eustachio

Skill      XL: |  1  2 |
---------------+-------+-----
Stealth        | 7 8 |  8.7
Unarmed Combat | 3 |  3.3
Fighting       | |  3.0
Dodging        | |  2.6

Action                   |  1- 3 |  4- 6 || total
-------------------------+-------+-------++-------
Melee: Unarmed           |    21 |    11 ||    32
Evoke: Wand              |     2 |       ||     2
 Stab: Sleeping          |     2 |     2 ||     4
Armor: Skin              |     4 |     3 ||     7
Dodge: Dodged            |    17 |    21 ||    38
